 Dungeon Crawl Stone Soup version 0.21-a0-496-g696f58f537 (webtiles) character file.

203 Banto the Cutter (level 5, -3/38 HPs)
             Began as a Demonspawn Skald on Nov 23, 2017.
             Slain by Sigmund
             ... wielding a +0 scythe
              (8 damage)
             ... on level 3 of the Dungeon.
             The game lasted 00:05:00 (3954 turns).

Banto the Cutter (Demonspawn Skald)                 Turns: 3954, Time: 00:05:00

Health: -3/38      AC: 10    Str: 12    XL:     5   Next: 51%
Magic:  8/8        EV: 13    Int: 15    God:
Gold:   190        SH:  0    Dex: 12    Spells: 7/8 levels left

rFire    . . .     SeeInvis .   z - +1 short sword (protect)
rCold    . . .     Gourm    +   (no shield)
rNeg     . . .     Faith    .   b - +0 leather armour
rPois    +         Spirit   .   (no helmet)
rElec    .         Reflect  .   (no cloak)
rCorr    .         Harm     .   (no gloves)
MR       .....                  (no boots)
Stlth    +.........             x - amulet of the gourmand
HPRegen  0.12/turn              o - ring of poison resistance
MPRegen  0.11/turn              u - +2 ring of evasion

@: confused, protection aura
A: talons 1, demonic guardian 1
a: no special abilities


You were on level 3 of the Dungeon.
You were full.

You visited 1 branch of the dungeon, and saw 3 of its levels.

You collected 190 gold pieces.

Inventory:

Hand Weapons
 z - a +1 short sword of protection (weapon)
Missiles
 y - 2 throwing nets (quivered)
Armour
 b - a +0 leather armour (worn)
Jewellery
 o - a ring of poison resistance (left hand)
 u - a +2 ring of evasion (right hand)
 x - an amulet of the gourmand (around neck)
Scrolls
 e - 2 scrolls of remove curse
 h - a scroll of amnesia {unknown}
 i - 2 scrolls of fear {unknown}
 j - a scroll of teleportation
 k - a scroll of noise {unknown}
 l - a scroll of random uselessness
 n - 2 scrolls of identify
 v - a scroll of enchant armour {unknown}
 w - a scroll of blinking {unknown}
Potions
 f - a potion of heal wounds {unknown}
 g - a potion of berserk rage
 m - 2 potions of ambrosia
 p - a potion of curing {unknown}
 r - a potion of degeneration {unknown}
 s - 3 potions of haste {unknown}
Books
 c - a book of Battle

   Spells                             Type                      Level
   a - Infusion                       Charms                       1
   b - Shroud of Golubria             Charms/Translocation         2
   c - Song of Slaying                Charms                       2
   d - Spectral Weapon                Hexes/Charms                 3
   e - Regeneration                   Charms/Necromancy            3
Comestibles
 d - 3 bread rations
 q - a royal jelly
 t - 4 fruits


   Skills:
 - Level 2.0 Fighting
 + Level 3.9 Short Blades
 - Level 0.8 Armour
 - Level 1.7 Dodging
 + Level 3.6 Stealth
 - Level 2.0 Spellcasting
 - Level 2.6 Charms


You had 7 spell levels left.
You knew the following spells:

 Your Spells              Type           Power        Failure   Level  Hunger
a - Infusion              Chrm           #...         10%         1    #......


Dungeon Overview and Level Annotations

Branches:
Dungeon (3/15)

Altars:
Elyvilon

Annotations:
D:3 Sigmund


Innate Abilities, Weirdness & Mutations

You have sharp toenails.
A weak demonic guardian rushes to your aid.


Message History

You bump into the rock wall.
Something hits you. The leopard gecko bites you.
You take 3 damage, and have 13/38 hp.
You hit your iron imp.
Your weapon exudes an aura of protection.
Your iron imp is lightly wounded.
The leopard gecko bites you but does no damage.
Something barely misses you.
You bump into the rock wall.
The leopard gecko closely misses you.
The leopard gecko bites you but does no damage.
You hit your iron imp.
Your iron imp is moderately wounded.
Something hits you!
* * * LOW HITPOINT WARNING * * *
The leopard gecko barely misses you.
You take 9 damage, and have 4/38 hp.
MASSIVE DAMAGE!!
You closely miss your iron imp.
Your iron imp is moderately wounded.
The leopard gecko bites you but does no damage.
Something hits you!
You die...

)..#.. ..... #.... ...
... #######.#
......)l# #@# ## ##5##
# #.# ##...## .#.#
##.....## ##.#
##.......## ##..# ##
####.........####...##
..
#..'.........'.......#
g.
####.........####....#
. ##.......##
###.#.###


You could see a leopard gecko and a friendly iron imp.

Vanquished Creatures
  An orc wizard (D:3)
  The ghost of Banto the Charmwright, a weakling DsSk (D:3)
  5 adders
  3 oozes
  A worm (D:2)
  2 dart slugs
  4 leopard geckos
  5 orcs (D:3)
  2 giant cockroaches
  6 goblins
  9 hobgoblins
  3 jackals (D:2)
  A quokka (D:2)
  8 bats
  3 frilled lizards
  9 kobolds
  10 rats
73 creatures vanquished.

Vanquished Creatures (collateral kills)
  A worker ant (D:2)
  An orc (D:3)
2 creatures vanquished.

Grand Total: 75 creatures vanquished

Notes
Turn   | Place    | Note
-------+----------+-------------------------------------------
     0 | D:1      | Banto the Demonspawn Skald began the quest for the Orb.
     0 | D:1      | Reached XP level 1. HP: 16/16 MP: 3/3
   458 | D:1      | Reached skill level 1 in Stealth
   483 | D:1      | Gained mutation: A weak demonic guardian rushes to your aid. [demonic ancestry]
   483 | D:1      | Reached XP level 2. HP: 12/22 MP: 1/5
  1432 | D:2      | Reached XP level 3. HP: 26/27 MP: 6/6
  1999 | D:2      | Reached XP level 4. HP: 30/33 MP: 4/7
  2705 | D:3      | Found a white marble altar of Elyvilon.
  2812 | D:3      | Found a faded altar of an unknown god.
  2813 | D:3      | Noticed Banto's ghost (weakling DsSk)
  2972 | D:3      | Killed Banto's ghost
  3204 | D:3      | Gained mutation: You have sharp toenails. [demonic ancestry]
  3204 | D:3      | Reached XP level 5. HP: 29/38 MP: 5/8
  3938 | D:3      | Noticed Sigmund
  3954 | D:3      | Slain by Sigmund

Vault maps used:
D:1:      elethiomel_arrival_maze
D:2:      minmay_tetromino_l4
D:3:      chequers_ecumenical_altar_simple, grunt_ministairs_9,
          elyvilon_altar_3, uniq_crazy_yiuf_cottage, uniq_sigmund

Skill      XL: |  1  2  3  4 |
---------------+-------------+-----
Short Blades   | 2 3 |  3.9
Stealth        | 1 2 3 |  3.6
Fighting       | |  2.0
Armour         | |  0.8
Dodging        | |  1.7
Spellcasting   | |  2.0
Charms         | |  2.6

Action                   |  1- 3 |  4- 6 || total
-------------------------+-------+-------++-------
Melee: Short sword       |   108 |   184 ||   292
       Kick              |       |     6 ||     6
 Cast: Infusion          |     9 |    14 ||    23
  Use: Scroll            |       |     5 ||     5
 Stab: Sleeping          |     2 |    10 ||    12
  Eat: Chunk             |     4 |    15 ||    19
Armor: Leather armour    |    17 |    40 ||    57
Dodge: Dodged            |    63 |   112 ||   175

Table legend:
 A = Spawn XP
 B = Non-spawn XP
 C = Spawn XP percentage of total XP
 D = Spawn monster count
 E = Non-spawn monster count
 F = Spawn count percentage of total count
 G = Total turns spent on level
                    A         B        C        D         E        F      G
               +---------+---------+-------+---------+---------+-------+---------
         Total |       0 |     291 |   0.0 |       0 |      75 |   0.0 |  3954
               +---------+---------+-------+---------+---------+-------+---------
           D:1 |       0 |      39 |   0.0 |       0 |      23 |   0.0 |  1418
           D:2 |       0 |     109 |   0.0 |       0 |      26 |   0.0 |  1266
           D:3 |       0 |     143 |   0.0 |       0 |      26 |   0.0 |  1270
               +---------+---------+-------+---------+---------+-------+---------

Table legend:
 A = Turns spent in this place as a percentage of turns spent in the entire game.
 B = Non-inter-level travel turns spent in this place as a percentage of non-inter-level travel turns spent in the entire game.
 C = Inter-level travel turns spent in this place as a percentage of turns spent in this place.
 D = Turns resting spent in this place as a percentage of non-inter-level travel turns spent in this place.
 E = Turns spent auto-exploring this place as a percentage of non-inter-level travel turns spent in this place.
 F = Non-inter-level travel turns spent in this place divided by the number of levels of this place that you've seen.
                   A       B       C       D       E      F
               +-------+-------+-------+-------+-------+----------------------
         Total | 100.0 | 100.0 |   1.7 |  34.1 |  41.0 | 1295.0
       Dungeon | 100.0 | 100.0 |   1.7 |  34.1 |  41.0 | 1295.0
               +-------+-------+-------+-------+-------+----------------------

Table legend:
 A = Kills in this place as a percentage of kills in entire the game.
 B = Kills by you in this place as a percentage of kills by you in the entire game.
 C = Kills by friends in this place as a percentage of kills by friends in the entire game.
 D = Other kills in this place as a percentage of other kills in the entire game.
 E = Experience gained in this place as a percentage of experience gained in the entire game.
 F = Experience gained in this place divided by the number of levels of this place that you have seen.
                   A       B       C       D       E      F
               +-------+-------+-------+-------+-------+----------------------
         Total | 100.0 | 100.0 | 100.0 |   N/A | 100.0 |  97.0
       Dungeon | 100.0 | 100.0 | 100.0 |   N/A | 100.0 |  97.0
               +-------+-------+-------+-------+-------+----------------------
